 Dungeon Crawl Stone Soup version 0.28-b1-25-g9875b3fc8c (webtiles) character file.

Game seed: 8645489813594181490

20 mopl the Vexing (level 2, -4/22 HPs)
             Began as a Barachi Arcane Marksman on Feb 8, 2022.
             Slain by a fire elemental (8 damage)
             ... created by the fiery vengeance of Ignis
             ... on level 2 of the Dungeon.
             The game lasted 00:01:56 (953 turns).

mopl the Vexing (Barachi Arcane Marksman)            Turns: 953, Time: 00:01:57

Health: -4/22      AC:  6    Str: 11    XL:     2   Next: 79%
Magic:  12/12      EV: 10    Int: 13    God:
Gold:   19         SH:  0    Dex: 12    Spells: 2/3 levels left

rFire   . . .      SeeInvis .   b - +3 whip
rCold   . . .      Faith    .   (no shield)
rNeg    . . .      Spirit   .   j - +0 ring mail
rPois   .          Reflect  .   (no helmet)
rElec   .          Harm     .   (no cloak)
rCorr   .          Rampage  .   f - +0 pair of gloves
Will    .....                   (no boots)
Stlth   +.........              e - amulet of magic regeneration
HPRegen 0.07/turn               i - ring of magical power
MPRegen 0.53/turn               (no ring)

@: fire susceptible, slow
A: amphibious, slowness 1, strong legs 1, +LOS
a: Hop


You were on level 2 of the Dungeon.
You visited 1 branch of the dungeon, and saw 2 of its levels.

You collected 19 gold pieces.

Inventory:

Hand Weapons
 a - a +0 hand crossbow
 b - a +3 whip (weapon)
Missiles
 c - 19 bolts
Armour
 f - a +0 pair of gloves (worn)
 j - a +0 ring mail (worn)
Magical Staves
 k - a staff of earth
Jewellery
 e - an amulet of magic regeneration (around neck)
 i - a ring of magical power (left hand)
Scrolls
 g - 2 scrolls of identify {unknown}
 h - 3 scrolls of amnesia {unknown}
Potions
 d - a potion of heal wounds {unknown}


   Skills:
 + Level 2.0 Fighting
 * Level 2.9 Crossbows
 - Level 2.1 Dodging
 - Level 1.1 Spellcasting
 - Level 3.2 Hexes


You had 2 spell levels left.
You knew the following spells:

 Your Spells              Type           Power      Damage    Failure   Level
a - Slow                  Hex            36%        N/A       19%         1

Your spell library contained the following spells:

 Spells                   Type           Power      Damage    Failure   Level
 Inner Flame              Hex/Fire       4%         N/A       71%         3
 Portal Projectile        Hex/Tloc       8%         N/A       71%         3
 Cause Fear               Hex            4%         N/A       87%         4


Dungeon Overview and Level Annotations

Branches:
Dungeon (2/15)

Altars:
Ignis


Innate Abilities, Weirdness & Mutations

You are amphibious.
You cover ground slowly.
You can hop short distances.
You have an extended range of vision and can be seen from far away.


Message History

There is a stone staircase leading down here.
You climb downwards.
There is a stone staircase leading up here.
A hobgoblin comes into view.
The hobgoblin shouts!
A hobgoblin is nearby!
You barely miss the hobgoblin. You punch the hobgoblin.
The hobgoblin is moderately wounded.
The hobgoblin misses you.
The hobgoblin hits you but does no damage.
You barely miss the hobgoblin.
The hobgoblin is moderately wounded.
The hobgoblin closely misses you.
You hit the hobgoblin.
The hobgoblin is severely wounded.
The hobgoblin barely misses you.
You hit the hobgoblin.
You kill the hobgoblin!
No target in view!
No target in view!
No target in view!
No target in view!
No target in view!
No target in view! "These will know how to inflict the punishment due to you!" 2 fire elementals come into view.
Unknown command.
The fire elemental moves out of view.
Saving game... please wait.
Welcome back, mopl the Barachi Arcane Marksman.
Press ? for a list of commands and other information.
The fire elemental hits you. The fire elemental burns you!
A hobgoblin comes into view.
The fire elemental completely misses you.
The hobgoblin barely misses you.
Found a golden potion.
The fire elemental closely misses you. The fire elemental hits you.
The fire elemental burns you!
* * * LOW HITPOINT WARNING * * *
The fire elemental hits you. The fire elemental burns you!
You die...

### ###.# #...# #°#°#
#°#°# ######E#.#
#<..☼°.#○#
############.#####.#
...!....@EE°g........
############.#.###.#.
#.#..# #.# .# #.# .#
#.# . ... .# ... # ..


You could see 2 fire elementals and a hobgoblin.

Vanquished Creatures
  2 dart slugs (D:1)
  A giant cockroach (D:1)
  A goblin (D:1)
  4 hobgoblins
  3 kobolds (D:1)
  4 ball pythons (D:1)
  A frilled lizard (D:1)
16 creatures vanquished.

Notes
Turn   | Place    | Note
-------+----------+-------------------------------------------
     0 | D:1      | mopl the Barachi Arcane Marksman began the quest for the
                  | Orb.
     0 | D:1      | Reached XP level 1. HP: 15/15 MP: 2/2
   309 | D:1      | Reached XP level 2. HP: 20/22 MP: 3/3
   317 | D:1      | Found a faded altar of an unknown god.
   331 | D:1      | Prayed at the altar of an unknown god.
   331 | D:1      | Became a worshipper of Ignis, the Dying Flame
   342 | D:1      | Fell from the grace of Ignis
   695 | D:1      | Reached skill level 2 in Fighting
   942 | D:2      | Noticed a fire elemental
   942 | D:2      | Noticed a fire elemental
   953 | D:2      | Slain by a fire elemental

Illustrated notes

Levels and vault maps discovered:
D:1:      wander_arrival_chamber, layout_loops_ring, basic_ecumenical_altar
D:2:      layout_basic, chequers_serial_rivers_marsh, chequers_mini_garden,
          uniq_natasha

Skill      XL: |  1  2 |
---------------+-------+-----
Fighting       | 2 |  2.0
Crossbows      | |  2.9
Dodging        | |  2.1
Spellcasting   | |  1.1
Hexes          | |  3.2

Action                   || total
-------------------------++-------
Melee: Unarmed           ||    16
       Whip              ||    28
       Punch             ||     1
 Fire: Hand crossbow     ||    13
Invok: Renounce Religion ||     1
Armor: Robe              ||     4
       Ring mail         ||    19
Dodge: Dodged            ||    28
